Map: Ulrena

Players

MorroW

  • Race: Protoss Protoss
  • League: Master

LiquidSnute (Snute) - Winner!

  • Race: Zerg Zerg
  • League: Grandmaster

Event: DreamHack ZOWIE Open Leipzig

VOD

Have the link to the VOD?

Description

Time

  • Played on: Jan. 22, 2016, 8:47 a.m.
  • Length: 19:57

All games in this series

Show
View Real Time Build Order
Export as new Build Order

MorroW Protoss 

Build Orders: Adept Opening, Carriers, Mass Adepts, Void Rays 

Get SALT Encoding   

  12  0:00  Probe (Chrono Boost)  
  13  0:11  Probe (Chrono Boost)  
  14  0:18  Pylon  
  14  0:22  Probe (Chrono Boost)  
  15  0:36  Probe (Chrono Boost)  
  15  0:40  Gateway  
  16  0:45  Assimilator  
  16  0:47  Probe (Chrono Boost)  
  17  0:58  Probe (Chrono Boost)  
  17  0:59  Assimilator  
  18  1:06  Gateway  
  18  1:08  Probe (Chrono Boost)  
  19  1:19  Probe (Chrono Boost)  
  20  1:27  Cybernetics Core  
  20  1:29  Probe (Chrono Boost)  
  21  1:34  Pylon  
  22  1:40  Probe (Chrono Boost)  
  22  1:44  Pylon  
  22  1:50  Probe (Chrono Boost)  
  23  2:05  Adept (Chrono Boost), Warp Gate  
  23  2:06  Probe (Chrono Boost), Adept (Chrono Boost)  
  29  2:27  Nexus  
  29  2:29  Probe (Chrono Boost)  
  29  2:36  Pylon  
  29  2:41  Probe (Chrono Boost)  
  30  2:51  Probe (Chrono Boost)  
  31  3:02  Probe (Chrono Boost)  
  31  3:05  Adept x2  
  37  3:12  Probe (Chrono Boost)  
  37  3:23  Probe (Chrono Boost)  
  34  3:33  Probe (Chrono Boost), Adept x2  
  36  3:40  Probe (Chrono Boost)  
  37  3:44  Mothership Core (Chrono Boost)  
  37  3:45  Stargate  
  39  3:51  Probe (Chrono Boost)  
  40  3:58  Pylon  
  40  4:01  Probe (Chrono Boost)  
  41  4:03  Probe (Chrono Boost)  
  41  4:12  Probe (Chrono Boost)  
  41  4:13  Probe (Chrono Boost)  
  41  4:17  Adept x2  
  45  4:22  Probe (Chrono Boost)  
  45  4:24  Probe (Chrono Boost)  
  49  4:30  Oracle  
  52  4:33  Probe (Chrono Boost)  
  52  4:34  Probe (Chrono Boost)  
  50  4:43  Probe (Chrono Boost)  
  50  4:45  Probe (Chrono Boost)  
  50  4:54  Probe (Chrono Boost)  
  50  4:55  Probe (Chrono Boost), Adept x2  
  50  4:58  Assimilator  
  50  4:59  Assimilator  
  52  5:05  Probe (Chrono Boost)  
  52  5:06  Probe (Chrono Boost)  
  54  5:10  Pylon  
  54  5:12  Pylon x2  
  52  5:15  Probe (Chrono Boost)  
  52  5:16  Probe (Chrono Boost)  
  52  5:20  Pylon  
  54  5:26  Probe (Chrono Boost)  
  54  5:27  Probe (Chrono Boost)  
  54  5:28  Oracle  
  54  5:30  Adept x2  
  61  5:36  Probe (Chrono Boost)  
  61  5:39  Probe (Chrono Boost)  
  61  5:41  Pylon  
  63  5:44  Pylon  
  63  5:47  Probe (Chrono Boost)  
  63  5:49  Probe (Chrono Boost)  
  65  5:50  Adept  
  65  5:51  Adept  
  69  5:57  Probe (Chrono Boost)  
  68  6:12  Pylon  
  68  6:17  Probe (Chrono Boost), Nexus  
  69  6:26  Probe (Chrono Boost)  
  69  6:28  Probe (Chrono Boost)  
  71  6:33  Void Ray  
  71  6:38  Probe x2 (Chrono Boost), Stargate  
  75  6:40  Stargate  
  75  6:46  Adept  
  75  6:47  Adept  
  73  6:49  Probe x2 (Chrono Boost)  
  73  6:51  Pylon  
  75  6:59  Probe (Chrono Boost)  
  75  7:00  Probe (Chrono Boost)  
  77  7:11  Adept x2  
  81  7:16  Probe (Chrono Boost)  
  81  7:21  Void Ray (Chrono Boost)  
  90  7:29  Void Ray (Chrono Boost)  
  94  7:33  Pylon  
  94  7:35  Void Ray (Chrono Boost)  
  94  7:36  Forge  
  94  7:39  Probe x2  
  94  7:42  Pylon  
  94  7:43  Assimilator x2  
  96  7:44  Sentry  
  96  7:45  Sentry  
  96  7:49  Probe  
  101  7:51  Probe  
  101  7:52  Pylon  
  102  8:00  Void Ray (Chrono Boost)  
  106  8:07  Void Ray (Chrono Boost)  
  114  8:13  Probe  
  114  8:15  Probe x2  
  114  8:18  Void Ray (Chrono Boost)  
  117  8:21  Photon Cannon  
  117  8:22  Photon Cannon  
  117  8:24  Photon Cannon  
  117  8:25  Protoss Air Weapons Level 1  
  118  8:27  Probe  
  118  8:31  Adept x2  
  122  8:35  Pylon  
  122  8:38  Void Ray (Chrono Boost)  
  122  8:39  Pylon  
  126  8:50  Probe  
  127  8:56  Void Ray (Chrono Boost)  
  127  9:00  Photon Cannon  
  127  9:02  Void Ray (Chrono Boost)  
  135  9:04  Pylon  
  135  9:06  Photon Cannon  
  135  9:12  Photon Cannon  
  135  9:14  Probe x2  
  135  9:15  Void Ray (Chrono Boost)  
  141  9:24  Nexus  
  141  9:32  Sentry x2  
  143  9:47  Probe  
  143  9:48  Probe x2  
  143  9:50  Pylon  
  146  9:54  Protoss Shields Level 1, Void Ray x2 (Chrono Boost)  
  158  10:00  Void Ray (Chrono Boost)  
  158  10:03  Fleet Beacon  
  158  10:11  Sentry x2  
  162  10:15  Probe  
  162  10:16  Probe x2  
  162  10:17  Photon Cannon  
  162  10:18  Photon Cannon  
  162  10:20  Photon Cannon  
  174  10:43  Zealot x2  
  178  10:51  Photon Cannon  
  178  10:52  Carrier x2 (Chrono Boost)  
  178  10:53  Pylon  
  178  10:58  Photon Cannon  
  178  10:59  Photon Cannon  
  178  11:01  Carrier (Chrono Boost)  
  178  11:02  Photon Cannon  
  178  11:03  Protoss Air Weapons Level 2 (Chrono Boost)  
  184  11:07  Graviton Catapult  
  184  11:14  Probe  
  184  11:15  Probe x2  
  183  11:32  Nexus  
  182  11:43  Zealot  
  182  11:44  Zealot  
  186  11:48  Pylon  
  186  11:52  Stargate  
  186  11:54  Stargate  
  186  11:56  Twilight Council  
  186  12:01  Assimilator  
  186  12:02  Assimilator  
  186  12:08  Zealot x2  
  183  12:28  Tempest x2  
  175  12:33  Tempest  
  175  12:37  Probe, Photon Cannon  
  183  12:38  Probe  
  183  12:39  Photon Cannon  
  183  12:40  Photon Cannon  
  183  12:41  Photon Cannon x2  
  183  12:43  Photon Cannon x2  
  185  12:45  Photon Cannon  
  185  12:48  Oracle  
  185  12:49  Oracle  
  191  12:55  Phoenix  
  191  12:59  Probe x3  
  191  13:00  Protoss Shields Level 2  
  194  13:10  Templar Archives  
  194  13:15  Protoss Air Weapons Level 3 (Chrono Boost)  
  194  13:33  Zealot  
  194  13:34  Tempest  
  196  13:57  Probe x4, Assimilator x2  
  190  14:10  Probe  
  190  14:12  High Templar x2  
  180  14:28  Gateway x3  
  180  14:30  Probe x4  
  184  14:34  Tempest  
  184  14:37  Gateway  
  184  14:39  Tempest  
  184  14:45  High Templar x2  
  199  14:46  Nexus  
  199  14:47  Archon x2  
  199  14:48  Archon  
  199  15:06  Carrier  
  195  15:13  Tempest  
  191  15:19  Tempest x2  
  131  15:35  High Templar x2  
  133  15:39  Psionic Storm  
  123  15:49  Archon  
  119  16:05  Zealot  
  119  16:06  Zealot x2  
  119  16:08  Photon Cannon  
  119  16:10  Photon Cannon  
  125  16:14  Tempest x2, Pylon  
  133  16:19  Pylon  
  133  16:23  Photon Cannon x2  
  133  16:25  Pylon  
  133  16:26  Photon Cannon  
  133  16:29  Photon Cannon  
  131  16:35  Photon Cannon  
  131  16:37  Probe, Photon Cannon  
  131  16:38  Pylon  
  132  16:40  Pylon, Photon Cannon  
  132  16:42  Photon Cannon  
  118  16:49  Protoss Shields Level 3  
  118  16:51  Photon Cannon  
  118  16:54  High Templar x3  
  120  17:08  Photon Cannon  
  114  17:09  Photon Cannon  
  114  17:11  Photon Cannon  
  114  17:15  Photon Cannon  
  110  17:30  Tempest  
  110  17:35  Tempest  
  110  17:36  Tempest  
  114  17:45  Photon Cannon  
  114  17:49  Photon Cannon  
  114  17:56  Photon Cannon  
  114  17:57  Probe, Photon Cannon  
  114  17:58  Probe x4  
  114  18:00  Photon Cannon  
  114  18:06  Zealot x3  
  114  18:07  Zealot  
  114  18:28  Tempest  
  114  18:29  Pylon x2  
  114  18:33  Tempest  
  118  18:34  Pylon  
  105  18:41  Tempest  
  105  18:46  Tempest, Pylon  
  113  19:02  Probe  
  114  19:03  Probe x2  
  114  19:04  Probe  
  114  19:08  High Templar x3  
  123  19:14  Probe x2  
  123  19:15  Probe  
  122  19:22  Photon Cannon  
  122  19:23  Photon Cannon  
  121  19:26  Probe  
  120  19:32  Archon  
  120  19:33  High Templar  
  120  19:35  Probe  
  113  19:38  Probe  
Show
View Real Time Build Order
Export as new Build Order

LiquidSnute Zerg - Winner!

Build Orders: Hatch First, Hydra Viper 

Get SALT Encoding   

  12  0:00  Drone  
  13  0:12  Overlord  
  13  0:17  Drone  
  14  0:31  Drone x2  
  14  0:34  Drone  
  17  0:45  Drone  
  18  0:57  Hatchery  
  17  1:10  Spawning Pool  
  16  1:14  Drone  
  16  1:17  Drone  
  18  1:33  Overlord  
  18  1:36  Drone  
  19  1:57  Zergling x4, Queen  
  23  2:04  Drone  
  24  2:09  Queen  
  24  2:12  Drone x2  
  28  2:20  Drone  
  28  2:22  Drone  
  30  2:32  Queen  
  30  2:36  Overlord, Zergling x2  
  33  2:41  Zergling x2  
  34  2:45  Queen  
  34  2:50  Extractor  
  35  2:53  Zergling x2  
  36  3:03  Drone  
  36  3:04  Drone x3  
  40  3:09  Spore Crawler  
  40  3:11  Hatchery  
  38  3:13  Drone  
  38  3:14  Drone  
  40  3:23  Drone x3  
  40  3:25  Drone  
  40  3:31  Overlord  
  40  3:37  Drone x2  
  40  3:39  Drone  
  41  3:42  Drone  
  41  3:43  Drone  
  41  3:46  Drone  
  44  3:50  Drone x2  
  44  3:52  Extractor  
  45  3:56  Drone x2  
  45  3:57  Drone  
  45  3:59  Drone  
  46  4:05  Overlord  
  46  4:09  Zergling x2  
  47  4:10  Extractor  
  47  4:12  Queen  
  48  4:18  Zergling x2  
  48  4:21  Zergling x4  
  48  4:22  Zergling x4  
  49  4:32  Drone x3  
  47  4:42  Zergling x10  
  49  4:49  Drone x2  
  49  4:51  Drone  
  47  4:56  Drone  
  47  4:57  Drone  
  48  5:03  Drone  
  48  5:05  Drone  
  49  5:08  Drone  
  49  5:11  Drone  
  51  5:16  Drone  
  51  5:18  Drone  
  51  5:20  Drone  
  53  5:28  Drone x4  
  54  5:30  Drone  
  54  5:36  Drone  
  54  5:37  Drone x2  
  54  5:38  Drone  
  54  5:39  Drone  
  59  5:43  Drone  
  59  5:48  Drone x2  
  62  5:50  Drone x2  
  62  5:51  Lair, Drone  
  62  5:52  Drone  
  62  5:55  Overlord x2  
  66  5:59  Spore Crawler  
  64  6:04  Zergling x2  
  64  6:05  Zergling x2  
  64  6:06  Zergling x4  
  62  6:12  Zergling x6  
  62  6:13  Zergling x2  
  62  6:14  Metabolic Boost  
  62  6:17  Spore Crawler  
  65  6:25  Zergling x6  
  64  6:26  Zergling x10  
  64  6:32  Drone x2  
  67  6:35  Drone x2  
  67  6:36  Drone  
  67  6:38  Drone  
  66  6:43  Drone x2  
  66  6:46  Drone  
  68  6:48  Drone  
  68  6:50  Drone  
  68  6:51  Drone  
  68  6:54  Drone  
  72  6:58  Hydralisk Den  
  72  7:00  Drone x2  
  73  7:02  Drone  
  73  7:04  Drone  
  75  7:08  Drone  
  75  7:10  Drone  
  75  7:14  Drone  
  76  7:16  Drone  
  76  7:17  Drone  
  76  7:18  Drone  
  75  7:31  Lurker Den  
  75  7:32  Queen x2  
  75  7:33  Spore Crawler  
  75  7:34  Extractor  
  75  7:38  Zergling x2  
  75  7:39  Extractor, Zergling x12  
  75  7:40  Extractor  
  75  7:43  Zergling x4  
  82  7:45  Extractor  
  81  7:52  Overlord x2  
  81  8:05  Overlord x3  
  81  8:11  Drone x3, Infestation Pit  
  81  8:12  Drone x4  
  87  8:14  Drone x3  
  87  8:16  Overlord  
  87  8:19  Overlord  
  90  8:24  Overlord x2  
  90  8:25  Overseer  
  90  8:26  Drone x2  
  92  8:37  Hydralisk x3  
  92  8:40  Hydralisk  
  92  8:41  Hydralisk  
  100  8:43  Hatchery  
  100  8:46  Hydralisk x2  
  105  8:50  Extractor  
  105  8:51  Hydralisk x2  
  105  8:55  Hydralisk x2  
  108  9:01  Muscular Augments  
  112  9:05  Overlord  
  112  9:06  Evolution Chamber, Spine Crawler  
  110  9:16  Drone x5  
  115  9:18  Pathogen Glands  
  115  9:20  Hive  
  115  9:31  Hydralisk x4  
  114  9:33  Lurker x2  
  114  9:37  Lurker  
  125  9:44  Drone x2  
  125  9:45  Drone x6  
  131  9:46  Overlord  
  131  9:49  Zerg Missile Weapons Level 1  
  131  9:51  Infestor  
  131  9:52  Evolution Chamber  
  133  9:54  Extractor  
  133  9:57  Extractor, Queen  
  133  9:58  Queen  
  133  10:07  Hydralisk x3  
  133  10:12  Queen  
  141  10:21  Drone x7  
  145  10:28  Zerg Ground Armor Level 1  
  148  10:31  Infestor x2  
  148  10:34  Hatchery  
  151  10:37  Queen  
  153  10:42  Queen  
  153  10:43  Queen  
  157  10:51  Infestor  
  157  10:53  Overlord x3  
  159  11:07  Spore Crawler  
  159  11:08  Spore Crawler x2  
  159  11:11  Spore Crawler  
  155  11:15  Viper  
  155  11:16  Viper x2  
  164  11:20  Viper  
  164  11:23  Viper  
  167  11:38  Infestor x2  
  165  11:40  Queen x3  
  165  11:41  Overlord, Queen  
  165  11:42  Overlord x2  
  173  11:53  Zerg Missile Weapons Level 2  
  173  12:04  Viper x2  
  179  12:16  Queen  
  175  12:33  Queen x3  
  159  12:41  Spire x2  
  159  12:43  Drone  
  159  12:44  Drone x9, Extractor  
  163  12:45  Drone x2, Extractor  
  167  12:51  Infestor x3  
  167  12:53  Hydralisk  
  167  12:54  Hydralisk x5  
  185  13:06  Zerg Ground Armor Level 2  
  185  13:08  Queen x3  
  191  13:17  Spine Crawler  
  191  13:18  Spore Crawler  
  189  13:20  Spine Crawler  
  188  13:28  Extractor  
  187  13:42  Spore Crawler  
  187  13:43  Spore Crawler  
  187  13:45  Spore Crawler  
  178  14:10  Queen x4  
  174  14:23  Zerg Missile Weapons Level 3  
  166  14:25  Hydralisk x7  
  166  14:26  Hydralisk x5  
  190  14:33  Drone  
  190  14:34  Drone x5  
  196  14:41  Overseer  
  196  14:44  Hatchery  
  196  14:45  Hydralisk x2  
  179  15:24  Hydralisk x10  
  193  15:38  Zerg Ground Armor Level 3  
  187  15:42  Hydralisk  
  187  15:43  Hydralisk x5  
  189  15:57  Hydralisk  
  189  15:58  Hydralisk x4  
  197  16:17  Zerg Flyer Weapons Level 1, Zerg Flyer Armor Level 1  
  183  16:24  Hydralisk x11  
  197  16:30  Hydralisk  
  197  16:31  Hydralisk x4  
  181  16:49  Hydralisk x10  
  188  17:02  Queen x4  
  188  17:03  Queen  
  188  17:07  Zerg Melee Weapons Level 1  
  188  17:18  Hydralisk x8  
  195  17:36  Viper x4  
  192  17:55  Hydralisk  
  192  17:56  Hydralisk x3  
  198  18:22  Spore Crawler  
  198  18:26  Hydralisk x4  
  197  18:36  Hydralisk x6  
  197  18:37  Hydralisk  
  197  18:44  Hydralisk  
  197  18:45  Hydralisk x3  
  197  18:52  Hydralisk  
  197  18:53  Hydralisk x3  
  199  19:01  Hatchery  
  196  19:08  Extractor  

Tags
 
Add a new tag
Caveats
  • Supply blocks, unpowered buildings, or Contaminate may cause inaccurate times.
  • Supply counts are checked every 10 seconds.